 Dungeon Crawl Stone Soup version 0.25-a0-178-gc9f82b1288 (webtiles) character file.

Game seed: 6352292939527860995, levelgen mode: deterministic

105 vurker the Gusty (level 4, -2/25 HPs)
             Began as a Tengu Air Elementalist on Nov 26, 2019.
             Slain by Sigmund
             ... wielding a +0 scythe
              (9 damage)
             ... on level 2 of the Dungeon.
             The game lasted 00:04:19 (3376 turns).

vurker the Gusty (Tengu Air Elementalist)           Turns: 3376, Time: 00:04:20

Health: -2/25      AC:  4    Str:  8    XL:     4   Next: 83%
Magic:  0/9        EV: 15    Int: 16    God:
Gold:   83         SH:  0    Dex: 15    Spells: 0/8 levels left

rFire    . . .     SeeInvis .   f - +0 dagger
rCold    . . .     Gourm    +   (no shield)
rNeg     . . .     Faith    .   a - +0 robe
rPois    .         Spirit   .   (helmet restricted)
rElec    .         Reflect  .   v - +1 cloak
rCorr    .         Harm     .   (no gloves)
MR       .....                  (boots unavailable)
Stlth    ++........             o - amulet of the gourmand
HPRegen  0.08/turn              (no ring)
MPRegen  0.11/turn              (no ring)

@: flying quickly and evasively, quick
A: beak, talons 3
a: no special abilities


You were on level 2 of the Dungeon.
You were very full.

You visited 1 branch of the dungeon, and saw 3 of its levels.

You collected 83 gold pieces.

Inventory:

Hand Weapons
 f - a +0 dagger (weapon)
   (You took it off a goblin on level 1 of the Dungeon)
Armour
 a - a +0 robe (worn)
 v - a +1 cloak (worn)
   (You found it on level 2 of the Dungeon)
Jewellery
 o - an amulet of the gourmand (around neck)
   (You found it on level 2 of the Dungeon)
Scrolls
 b - a scroll of amnesia {unknown}
 c - 5 scrolls of remove curse
 i - a scroll of immolation
 j - a scroll of enchant armour
 k - a scroll of fog
 l - a scroll of fear {unknown}
 m - a scroll of enchant weapon {unknown}
 p - a scroll of teleportation {unknown}
 q - a scroll of identify {unknown}
 r - a scroll of magic mapping {unknown}
 t - a scroll of noise {unknown}
Potions
 d - a potion of heal wounds {unknown}
 g - a potion of mutation {unknown}
 h - a potion of curing {unknown}
 n - a potion of agility {unknown}
 s - a potion of flight
Comestibles
 e - 3 rations


   Skills:
 + Level 1.2 Fighting
 - Level 2.1 Dodging
 - Level 2.0 Stealth
 * Level 2.9 Spellcasting
 * Level 3.3 Conjurations
 * Level 5.1 Air Magic


You couldn't memorise any spells.
You knew the following spells:

 Your Spells              Type           Power        Failure   Level  Hunger
a - Shock                 Conj/Air       ###.         3%          1    #......
b - Static Discharge      Conj/Air       ###.....     10%         3    ###....
c - Airstrike             Air            ###.......   22%         4    #####..

Your spell library contained the following spells:

 Spells                   Type           Power        Failure   Level  Hunger
 Swiftness                Chrm/Air       ##......     10%         2    ##.....
 Lightning Bolt           Conj/Air       ###.......   67%         5    ######.


Dungeon Overview and Level Annotations

Branches:
Dungeon (3/15)

Altars:
Okawaru
Trog
Uskayaw

Annotations:
D:2 Sigmund


Innate Abilities, Weirdness & Mutations

You have a beak for a mouth.
You have claws for feet.


Message History

You kill the worm!
You butcher the worm corpse.
u - 3 chunks of flesh Eating one of 3 chunks of flesh.
You eat one of the 3 chunks of flesh.
This raw flesh tastes great.
Partly explored, can't reach some places.
Partly explored, can't reach some places.
Sorry, I don't know how to traverse that place.
You're too full to eat anything.
As you read the scroll labeled SIFEUZ WINEDD, it crumbles to dust.
You feel as if something is helping you.
It was a scroll of remove curse.
As you read the scroll labeled DAR GAYXAGEJAC, it crumbles to dust.
The scroll dissolves into smoke.
It was a scroll of fog.
As you read the scroll labeled VAOMYJ BAGYA, it crumbles to dust.
The air around you briefly surges with heat, but it dissipates.
It was a scroll of immolation.
As you read the scroll labeled XUN XENUIVIURPH, it crumbles to dust.
It is a scroll of enchant armour.
Your +0 cloak glows green for a moment.
Sigmund shouts!
Sigmund closely misses you.
Aim: Sigmund, wielding a +0 scythe and wearing a +0 robe The air twists around and strikes Sigmund!
Sigmund barely misses you.
Aim: Sigmund, wielding a +0 scythe and wearing a +0 robe (moderately wounded)
The air twists around and strikes Sigmund!
Sigmund completely misses you.
You hit Sigmund but do no damage. You claw Sigmund. Sigmund barely misses you.
You completely miss Sigmund. Your kick misses Sigmund. You barely miss Sigmund.
Sigmund hits you with a +0 scythe.
You hit Sigmund. Sigmund gestures at you while chanting.
The magic dart hits you!
Okay, then.
Sigmund gestures at you while chanting. The magic dart hits you.
* * * LOW HITPOINT WARNING * * *
All of the chunks of flesh in your inventory have rotted away.
Aim: Sigmund, wielding a +0 scythe and wearing a +0 robe (severely wounded)
The zap misses Sigmund.
The zap hits Sigmund.
Sigmund closely misses you.
Aim: Sigmund, wielding a +0 scythe and wearing a +0 robe (severely wounded)
The zap hits Sigmund.
The zap hits Sigmund but does no damage.
You don't have enough magic to cast that spell.
It was a potion of flight.
You feel very buoyant.
You swoop lightly up into the air.
Sigmund hits you from afar with a +0 scythe!
You die...

#...).##..##....######.##.....
###########..##....##..÷...#.#...
.............##....##............
############.###....#.)..........
......#### #.# #..!.#............
.........# #.# #....#......#.#...
#####.##.# #.# #....#......#.#...
#..#.# #.# #....#####.##.....
##.#.# #.# #@.@.# #.##..... #...#
#.# #.#.## #.##..... ##..# #.#
#.#.# #(##..... #..# #.# #.#.#
##.##..... ### #..###§###.#.#
#......... ..# #.....§§§§§#.#
#......... ..######.###§#####.#
#......... ...........#.#
#<#.#####......... ..#######..#.#
#.#.##............


You could see Sigmund.

Vanquished Creatures
  Jessica (D:2)
  Robin (D:2)
  An ooze (D:2)
  4 worms
  A dart slug (D:1)
  A leopard gecko (D:2)
  3 bats
  4 giant cockroaches (D:2)
  13 goblins
  6 hobgoblins
  6 jackals (D:2)
  A quokka (D:2)
  A ball python (D:3)
  A frilled lizard (D:1)
  A rat (D:1)
45 creatures vanquished.

Notes
Turn   | Place    | Note
-------+----------+-------------------------------------------
     0 | D:1      | vurker the Tengu Air Elementalist began the quest for the
                  | Orb.
     0 | D:1      | Reached XP level 1. HP: 10/10 MP: 4/4
   516 | D:1      | Reached XP level 2. HP: 11/16 MP: 3/6
   966 | D:1      | You fall into a shaft and drop 1 floor!
  1081 | D:2      | Noticed Sigmund
  1168 | D:2      | Noticed Jessica
  1179 | D:2      | Killed Jessica
  1179 | D:2      | Reached XP level 3. HP: 20/20 MP: 1/7
  1272 | D:2      | Found a faded altar of an unknown god.
  1280 | D:2      | Reached skill level 1 in Fighting
  1392 | D:2      | Found a bloodstained altar of Trog.
  1392 | D:2      | Found an iron altar of Okawaru.
  1393 | D:2      | Found a hide-covered altar of Uskayaw.
  1533 | D:2      | Reached XP level 4. HP: 20/25 MP: 2/8
  1804 | D:2      | Learned a level 3 spell: Static Discharge
  1809 | D:2      | Learned a level 4 spell: Airstrike
  2109 | D:2      | You fall into a shaft and drop 1 floor!
  2715 | D:2      | Reached skill level 5 in Air Magic
  2748 | D:2      | Noticed Robin
  2760 | D:2      | Killed Robin
  3376 | D:2      | Slain by Sigmund

Levels and vault maps discovered:
D:1:      minmay_arrival_arboretum_small, layout_basic, serial_curves,
          eino_curves_03, eino_curves_03
D:2:      layout_basic, gammafunk_temple_overflow_claw,
          chequers_ecumenical_altar_simple_redux, uniq_robin, uniq_jessica,
          uniq_sigmund
D:3:      layout_basic, hangedman_glass_teeth

Skill      XL: |  1  2  3  4 |
---------------+-------------+-----
Conjurations   | 2 3 |  3.3
Fighting       | 1 |  1.2
Air Magic      | 5 |  5.1
Dodging        | |  2.1
Stealth        | |  2.0
Spellcasting   | |  2.9

Action                   |  1- 3 |  4- 6 || total
-------------------------+-------+-------++-------
Melee: Unarmed           |     3 |       ||     3
       Kick              |     2 |     3 ||     5
       Dagger            |     7 |    21 ||    28
       Peck              |       |     4 ||     4
 Cast: Shock             |    46 |    52 ||    98
       Airstrike         |       |     2 ||     2
  Use: Scroll            |       |     4 ||     4
       Potion            |       |     1 ||     1
  Eat: Chunk             |     2 |    14 ||    16
       Ration            |       |     1 ||     1
Armor: Robe              |     2 |     2 ||     4
Dodge: Dodged            |     8 |    21 ||    29

Table legend:
 A = Non-vault XP
 B = Vault XP
 C = Vault XP percentage of total XP
 D = Non-vault monster count
 E = Vault monster count
 F = Vault count percentage of total count
                 A         B        C        D         E       F
            +---------+---------+-------+---------+---------+-------
      Total |      78 |      73 |  48.3 |      32 |      13 |  28.9
            +---------+---------+-------+---------+---------+-------
        D:1 |      16 |       0 |   0.0 |       8 |       0 |   0.0
        D:2 |      50 |      73 |  59.3 |      20 |      13 |  39.4
        D:3 |      12 |       0 |   0.0 |       4 |       0 |   0.0
            +---------+---------+-------+---------+---------+-------
